 Dungeon Crawl Stone Soup version 0.30-a0-2-gf48d83f5e2 (webtiles) character file.

Game seed: 6874039357321860774

159 frimble the Changer (level 5, -1/34 HPs)
             Began as a Demonspawn Earth Elementalist on Aug 20, 2022.
             Slain by an orc priest
             ... wielding a +0 hand axe
              (8 damage)
             ... on level 3 of the Dungeon.
             The game lasted 00:02:43 (3140 turns).

frimble the Changer (Demonspawn Earth Elementalist) Turns: 3140, Time: 00:02:44

Health: -1/34      AC:  2    Str:  9    XL:     5   Next: 17%
Magic:  8/8        EV: 12    Int: 16    God:
Gold:   150        SH:  0    Dex: 15    Spells: 7/8 levels left

rFire   . . .      SeeInvis .    k - +3 short sword
rCold   . . .      Faith    .    (no shield)
rNeg    . . .      Spirit   .    a - +0 robe
rPois   .          Reflect  .    (helmet restricted)
rElec   .          Harm     .    (no cloak)
rCorr   .          Rampage  .    (no gloves)
Will    .....                    (no boots)
Stlth   ++........               (no amulet)
HPRegen 0.11/turn                (no ring)
MPRegen 0.11/turn                (no ring)

@: attractive
A: horns 1, powered by pain 1, spiny 1, demonic touch 1, frail 1
a: no special abilities


You were on level 3 of the Dungeon.
You visited 1 branch of the dungeon, and saw 3 of its levels.

You collected 150 gold pieces.

Inventory:

Hand Weapons
 i - a +0 dagger
 k - a +3 short sword (weapon)
Armour
 a - a +0 robe (worn)
 m - a +0 chain mail
 p - a +1 helmet
Scrolls
 c - a scroll of enchant armour
 d - a scroll of brand weapon {unknown}
 e - a scroll of immolation {unknown}
 j - a scroll of identify
 n - a scroll of magic mapping {unknown}
Potions
 b - 2 potions of magic
 h - a potion of brilliance {unknown}
 l - a potion of degeneration {unknown}


   Skills:
 + Level 1.9 Fighting
 - Level 1.1 Short Blades
 - Level 1.8 Dodging
 - Level 1.8 Stealth
 + Level 1.7 Unarmed Combat
 - Level 2.0 Spellcasting
 - Level 3.0 Transmutations
 - Level 3.0 Earth Magic


You had 7 spell levels left.
You knew the following spells:

 Your Spells              Type           Power      Damage    Failure   Level
a - Sandblast             Erth           22%        2d7       6%          1

Your spell library contained the following spells:

 Spells                   Type           Power      Damage    Failure   Level
 Passwall                 Tmut/Erth      9%         N/A       9%          2
 Ensorcelled Hibernation  Hex/Ice        2%         N/A       30%         2
 Spider Form              Tmut/Pois      6%         N/A       32%         3
 Stone Arrow              Conj/Erth      12%        3d7       32%         3
 Petrify                  Tmut/Erth      11%        N/A       52%         4
 Anguish                  Hex/Necr       0%         N/A       90%         4


Dungeon Overview and Level Annotations

Branches:
Dungeon (3/15)

Altars:
Vehumet


Innate Abilities, Weirdness & Mutations

You have a pair of small horns on your head.
You sometimes gain a little power by taking damage.
You are partially covered in sharp spines.
Your touch may inflict minor irresistible damage on your foes.
You are frail. (-10% HP)


Message History

The orc hits you but does no damage.
You hit the orc.
The orc is lightly wounded.
The orc hits you with a +0 dagger.
You closely miss the orc.
You touch the orc.
You kill the orc!
The orc is struck by your spines. The orc hits you with a +0 short sword.
You hit the orc. Your headbutt misses the orc.
The orc is almost dead.
The orc priest invokes the aid of Beogh against you.
Beogh smites you! The orc closely misses you.
You are too injured to fight recklessly!
You are too injured to fight recklessly!
You are too injured to fight recklessly!
You are too injured to fight recklessly!
You are too injured to fight recklessly!
You are too injured to fight recklessly!
You are too injured to fight recklessly!
You are too injured to fight recklessly!
The orc priest calls down the wrath of Beogh upon you.
Beogh smites you!
* * * LOW HITPOINT WARNING * * *
You barely miss the orc. Your headbutt misses the orc.
Your touch misses the orc.
The orc is severely wounded.
The orc priest miscasts a cantrip.
The orc is struck by your spines.
You kill the orc!
It was a potion of mutation.
You feel extremely strange.
You feel frail.
The orc priest hits you with a +0 hand axe.
* * * LOW HITPOINT WARNING * * *
You hit the orc priest.
You headbutt the orc priest, but do no damage.
The orc priest is lightly wounded.
The orc priest closely misses you.
It was a potion of attraction.
You feel attractive to monsters.
The orc priest hits you with a +0 hand axe!
You die...

#....# #.###.## ########
#.##.####.# #.### #......#
#.##......###...####.###
###.##########..#........#
....# #.###^###.#......
##.## #..#..# #.####.##
##.## ##...## #.# # #...#
##.## #.. #...# # #@# ####
#...# #.#####o# #...#
.#......#
#...####.###.....)#
........# ##......#
.......## ##.......
........# .#..#.#..
#...####.# .....#.#....
#...# .#.....##.# ###


You could see an orc priest.

Vanquished Creatures
  A phantom (D:2)
  2 adders (D:2)
  A dart slug (D:2)
  2 orcs (D:3)
  4 endoplasms
  3 giant cockroaches (D:1)
  7 goblins
  5 hobgoblins
  3 jackals (D:2)
  3 quokkas
  8 ball pythons
  5 bats
  3 frilled lizards
  6 kobolds
  4 rats
57 creatures vanquished.

Notes
Turn   | Place    | Note
-------+----------+-------------------------------------------
     0 | D:1      | frimble the Demonspawn Earth Elementalist began the quest
                  | for the Orb.
     0 | D:1      | Reached XP level 1. HP: 13/13 MP: 3/3
   138 | D:1      | Reached skill level 1 in Transmutations
   308 | D:1      | Gained mutation: You sometimes gain a little power by
                  | taking damage. [demonic ancestry]
   308 | D:1      | Reached XP level 2. HP: 19/19 MP: 3/5
   907 | D:1      | Found a faded altar of an unknown god.
  1189 | D:2      | Gained mutation: You are partially covered in sharp spines.
                  | [demonic ancestry]
  1189 | D:2      | Reached XP level 3. HP: 15/24 MP: 0/6
  1373 | D:2      | Found a radiant altar of Vehumet.
  2160 | D:2      | Reached skill level 1 in Short Blades
  2160 | D:2      | Discovered your monstrous ancestry.
  2160 | D:2      | Gained mutation: Your touch may inflict minor irresistible
                  | damage on your foes. [demonic ancestry]
  2160 | D:2      | Reached XP level 4. HP: 20/30 MP: 7/7
  2641 | D:2      | Noticed a phantom
  2648 | D:2      | Killed a phantom
  2649 | D:2      | Reached skill level 1 in Fighting
  2649 | D:2      | Reached skill level 1 in Unarmed Combat
  2649 | D:2      | Gained mutation: You have a pair of small horns on your
                  | head. [demonic ancestry]
  2649 | D:2      | Reached XP level 5. HP: 37/38 MP: 8/8
  3138 | D:3      | Gained mutation: You are frail. (-10% HP) [potion of
                  | mutation]
  3140 | D:3      | Slain by an orc priest

Illustrated notes

Levels and vault maps discovered:
D:1:      saegor_arrival_miasma, layout_loops_ring,
          ebering_ecumenical_altar_hall
D:2:      layout_loops_corners, basic_altar, dreamdust_princess_corridor
D:3:      layout_loops_cross, grunt_ministairs_1, item_on_display_b

Skill      XL: |  1  2  3  4 |
---------------+-------------+-----
Transmutations | 1 2 3 |  3.0
Short Blades   | 1 |  1.1
Earth Magic    | 3 |  3.0
Fighting       | 1 |  1.9
Unarmed Combat | 1 |  1.7
Dodging        | |  1.8
Stealth        | |  1.8
Spellcasting   | |  2.0

Action                   |  1- 3 |  4- 6 || total
-------------------------+-------+-------++-------
Melee: Unarmed           |    12 |       ||    12
       Short sword       |    29 |    23 ||    52
       Dagger            |     5 |       ||     5
       Touch             |       |     8 ||     8
       Headbutt          |       |     3 ||     3
 Cast: Sandblast         |    40 |       ||    40
  Use: Scroll            |       |    10 ||    10
       Potion            |       |     2 ||     2
 Stab: Sleeping          |     3 |     3 ||     6
Armor: Robe              |    16 |     4 ||    20
Dodge: Dodged            |    46 |     6 ||    52

Table legend: (Time is in decaauts)
 A = Elapsed time spent in this place.
 B = Non-inter-level travel time spent in this place.
 C = Inter-level travel time spent in this place.
 D = Time resting spent in this place.
 E = Time spent auto-exploring this place.
 F = Levels seen in this place.
 G = Mean time per level.
                   A        B        C        D        E       F      G
               +--------+--------+--------+--------+--------+-----+--------+
         Total |   3162 |   3118 |     44 |     42 |   2719 |   3 | 1054.0 |
       Dungeon |   3162 |   3118 |     44 |     42 |   2719 |   3 | 1054.0 |
               +--------+--------+--------+--------+--------+-----+--------+

Top non-repeatable levels by time:
     D:2: 1646 daAuts
     D:1: 1056 daAuts
     D:3: 459 daAuts
